 Dungeon Crawl Stone Soup version 0.30-a0-234-g97d66968fd (webtiles) character file.

Game seed: 3507535023415475969

319 qw the Chopper (level 6, -1/38 HPs)
             Began as a Gargoyle Fighter on Oct 9, 2022.
             Slain by a gnoll bouda
             ... wielding a +0 whip
              (3 damage)
             ... on level 3 of the Dungeon.
             The game lasted 00:01:04 (2653 turns).

qw the Chopper (Gargoyle Fighter)                   Turns: 2653, Time: 00:01:05

Health: -1/38      AC: 11    Str: 21    XL:     6   Next: 45%
Magic:  6/6        EV:  9    Int:  9    God:
Gold:   162        SH:  4    Dex:  9    Spells: 5/5 levels left

rFire   . . .      SeeInvis .    Y - +1 war axe
rCold   . . .      Faith    .    c - +0 buckler
rNeg    + . .      Spirit   .    b - +0 scale mail
rPois   inf        Reflect  .    (no helmet)
rElec   +          Harm     .    (no cloak)
rCorr   .          Rampage  .    (no gloves)
Will    .....                    (no boots)
Stlth   ..........               (no amulet)
HPRegen 0.26/turn                (no ring)
MPRegen 0.10/turn                (no ring)

@: weakened
A: sickness immunity, AC +4, negative energy resistance 1, electricity
resistance, torment resistance 1, petrification resistance
a: no special abilities


You were on level 3 of the Dungeon.
You visited 1 branch of the dungeon, and saw 3 of its levels.

You collected 162 gold pieces.


Innate Abilities, Weirdness & Mutations

You are immune to sickness and miasma.
Your stone body is resilient. (AC +4)
You are immune to poison.
You resist negative energy. (rN+)
You are resistant to electric shocks. (rElec)
You are resistant to unholy torment.
You are immune to petrification.


   Skills:
 + Level 3.9 Fighting
 - Level 5.8 Axes
 - Level 3.2 Armour
 - Level 3.2 Shields


You had 5 spell levels left.
You didn't know any spells.
Your spell library was empty.

Inventory:

Hand Weapons
 k - a +0 whip
 Y - a +1 war axe (weapon)
Armour
 b - a +0 scale mail (worn)
 c - a +0 buckler (worn)
 h - a +0 helmet
Scrolls
 e - a scroll of teleportation
Potions
 a - a potion of flight {unknown}
 d - a potion of might
 f - a potion of berserk rage {unknown}
 g - 2 potions of curing
 j - a potion of mutation {unknown}

Dungeon Overview and Level Annotations

Branches:
Dungeon (3/15)

Altars:


Message History

You hit the gnoll bouda.
The gnoll bouda is moderately wounded.
You slash the gnoll!
The gnoll bouda hits you with a +0 whip.
The gnoll hits you but does no damage. The gnoll hits you with a +0 club.
You barely miss the gnoll.
The gnoll is severely wounded.
You closely miss the gnoll bouda. You block the gnoll bouda's attack.
The gnoll hits you from afar with a +0 spear.
The gnoll bouda closely misses you. The gnoll hits you but does no damage.
The gnoll closely misses you.
You closely miss the gnoll.
The gnoll is severely wounded.
You barely miss the gnoll bouda. You hit the gnoll but do no damage.
The gnoll hits you from afar with a +0 spear.
The gnoll bouda closely misses you. You block the gnoll's attack. x2
The gnoll hits you from afar with a +0 spear.
You barely miss the gnoll.
The gnoll is severely wounded.
You hit the gnoll bouda but do no damage.
You barely miss the gnoll. The gnoll bouda closely misses you.
The gnoll hits you but does no damage. The gnoll hits you with a +0 flail!
You block the gnoll's attack.
You hit the gnoll but do no damage.
The gnoll is severely wounded.
You hit the gnoll bouda. You hit the gnoll.
The gnoll bouda gazes fiercely through you!
You feel your attacks grow feeble. The gnoll bouda closely misses you.
The gnoll barely misses you. The gnoll hits you with a +0 flail.
The gnoll misses you.
You closely miss the gnoll.
The gnoll is severely wounded.
You hit the gnoll bouda. You hit the gnoll.
The gnoll bouda mumbles some strange prayers to its god.
The gnoll bouda is healed somewhat.
The gnoll hits you with a +0 flail. You block the gnoll's attack.
The gnoll hits you from afar with a +0 spear!
The gnoll bouda hits you with a +0 whip.
You die...

#....####.........####.
#.#.## ##.......## ##.
#.### ##.....## #.. #.#
##...## #.# #.# ##+##
#.. #.# ########g ##.
#.# #.g...gg. #.
#.####g##### ##
#....)@gg..#
######g###..... #.# ...
#.# . #.# #.? ###


You could see a gnoll bouda and 4 gnolls.

Vanquished Creatures
  Sigmund (D:3)
  A hound (D:3)
  Robin (D:3)
  A gnoll (D:3)
  3 adders (D:2)
  A worm (D:3)
  4 endoplasms
  6 giant cockroaches
  12 goblins
  4 hobgoblins
  3 jackals (D:1)
  6 kobolds
  6 quokkas
  7 ball pythons
  6 bats
  5 frilled lizards
  A goblin skeleton (D:3)
  2 goblin zombies (D:3)
  2 hobgoblin zombies (D:3)
  A kobold skeleton (D:3)
  An orc zombie (D:3)
  3 rats
77 creatures vanquished.

Notes
Turn   | Place    | Note
-------+----------+-------------------------------------------
     0 | D:1      | qw the Gargoyle Fighter began the quest for the Orb.
     0 | D:1      | Reached XP level 1. HP: 14/14 MP: 1/1
     0 | D:1      | 0 ||| qw: Version: 0.2-a-17-g06abaee
     0 | D:1      | 0 ||| qw: Game counter: 2341
     0 | D:1      | 0 ||| qw: Always use a shield: true
     0 | D:1      | 0 ||| qw: God list: Okawaru
     0 | D:1      | 0 ||| qw: Allow faded altars: false
     0 | D:1      | 0 ||| qw: Do Orc after D:15 true
     0 | D:1      | 0 ||| qw: Do second Lair branch before Depths: true
     0 | D:1      | 0 ||| qw: Lair rune preference: random
     0 | D:1      | 0 ||| qw: Plans: Normal, Zot:1-4, God:TSO, Crypt, Tomb,
                  | Pan, Slime:5, Hells, Abyss, Orb
     0 | D:1      | 0 ||| PLANNING D:1-11
    34 | D:1      | Reached skill level 2 in Axes
   263 | D:1      | Reached XP level 2. HP: 19/19 MP: 2/2
   503 | D:1      | Reached skill level 3 in Axes
   570 | D:1      | Reached XP level 3. HP: 23/23 MP: 3/3
   880 | D:1      | 880 ||| READING scroll labelled KAOMPI BISM.
   881 | D:1      | 881 ||| READING 2 scrolls labelled ENYQOY WUADOT.
   882 | D:1      | 882 ||| READING scroll labelled QAOR RUQ JOZ.
   883 | D:1      | 883 ||| READING scroll labelled GIR RUAVENA.
   884 | D:1      | 884 ||| READING scroll labelled KECUEZIBROU.
   888 | D:1      | 888 ||| READING scroll labelled INWATS MUHAIP.
   889 | D:1      | 889 ||| READING scroll labelled MELIUCH UNIO.
   890 | D:1      | 890 ||| DROPPING scroll of amnesia.
  1050 | D:2      | 1050 ||| Stepping ~*~*~tactically~*~*~ (stealth).
  1185 | D:2      | 1185 ||| Stepping ~*~*~tactically~*~*~ (stealth).
  1255 | D:2      | Reached XP level 4. HP: 28/28 MP: 4/4
  1341 | D:2      | 1341 ||| Stepping ~*~*~tactically~*~*~ (stealth).
  1342 | D:2      | 1342 ||| Stepping ~*~*~tactically~*~*~ (stealth).
  1343 | D:2      | 1343 ||| Stepping ~*~*~tactically~*~*~ (stealth).
  1344 | D:2      | 1344 ||| Stepping ~*~*~tactically~*~*~ (stealth).
  1355 | D:2      | 1355 ||| Stepping ~*~*~tactically~*~*~ (stealth).
  1379 | D:2      | Reached skill level 4 in Axes
  1578 | D:2      | 1578 ||| Stepping ~*~*~tactically~*~*~ (stealth).
  1694 | D:2      | 1694 ||| DRINKING 2 fizzy purple potions.
  1714 | D:3      | 1714 ||| PLANNING SEWER
  1821 | D:3      | 1821 ||| Stepping ~*~*~tactically~*~*~ (stealth).
  1834 | D:3      | Noticed Robin
  1843 | D:3      | 1843 ||| Stepping ~*~*~tactically~*~*~ (hiding).
  1850 | D:3      | Killed Robin
  1881 | D:3      | 1881 ||| Stepping ~*~*~tactically~*~*~ (stealth).
  1892 | D:3      | 1892 ||| Stepping ~*~*~tactically~*~*~ (stealth).
  1893 | D:3      | 1893 ||| Stepping ~*~*~tactically~*~*~ (stealth).
  1905 | D:3      | 1905 ||| Stepping ~*~*~tactically~*~*~ (stealth).
  1922 | D:3      | HP: 5/28 [white imp (3)]
  1923 | D:3      | 1923 ||| READING 2 scrolls of teleportation.
  2068 | D:3      | Noticed Sigmund
  2076 | D:3      | Killed Sigmund
  2077 | D:3      | Reached skill level 5 in Axes
  2077 | D:3      | Reached XP level 5. HP: 17/32 MP: 5/5
  2077 | D:3      | Reached XP level 6. HP: 20/37 MP: 6/6
  2205 | D:3      | Found a faded altar of an unknown god.
  2367 | D:3      | 2367 ||| RIP SEWER
  2420 | D:3      | 2420 ||| PLANNING D:1-11
  2588 | D:3      | 2588 ||| Stepping ~*~*~tactically~*~*~ (stealth).
  2643 | D:3      | 2643 ||| Stepping ~*~*~tactically~*~*~ (hiding).
  2645 | D:3      | 2645 ||| Stepping ~*~*~tactically~*~*~ (stealth).
  2653 | D:3      | HP: 9/38 [gnoll/+0 flail[a gnoll bouda] (4)]
  2653 | D:3      | HP: 2/38 [gnoll/+0 spear[a gnoll bouda] (7)]
  2653 | D:3      | Slain by a gnoll bouda

Levels and vault maps discovered:
D:1:      grunt_arrival_lava_bath, layout_basic
D:2:      layout_loops_ring, grunt_decor_cap
D:3:      layout_loops_corners, nicolae_tso_besieged_by_evil,
          gup_sewer_entry_bubbles, nicolae_ecumenical_lake_church,
          nicolae_elevator_lobby_asterisk, uniq_sigmund, uniq_robin

Skill      XL: |  1  2  3  4 |
---------------+-------------+-----
Axes           | 2 3 5 |  5.8
Fighting       | |  3.9
Armour         | |  3.2
Shields        | |  3.2

Action                   |  1- 3 |  4- 6 || total
-------------------------+-------+-------++-------
Melee: War axe           |   121 |   104 ||   225
  Use: Scroll            |     7 |     1 ||     8
       Potion            |       |     1 ||     1
Armor: Scale mail        |    76 |    52 ||   128
Dodge: Dodged            |    52 |    31 ||    83
Block: Buckler           |    18 |    19 ||    37

Table legend:
 A = Non-vault XP
 B = Vault XP
 C = Vault XP percentage of total XP
 D = Non-vault monster count
 E = Vault monster count
 F = Vault count percentage of total count
                 A         B        C        D         E       F
            +---------+---------+-------+---------+---------+-------
      Total |     167 |     289 |  63.4 |      51 |      26 |  33.8
            +---------+---------+-------+---------+---------+-------
        D:1 |      39 |       0 |   0.0 |      25 |       0 |   0.0
        D:2 |      63 |       0 |   0.0 |      19 |       0 |   0.0
        D:3 |      65 |     289 |  81.6 |       7 |      26 |  78.8
            +---------+---------+-------+---------+---------+-------
